 Dungeon Crawl Stone Soup version 0.22.1-6-g1668fe2 (webtiles) character file.

325 Yuikono the Sneak (level 6, 0/24 HPs)
             Began as a Felid Summoner on Jan 21, 2019.
             Was a Follower of Ashenzari.
             Slain by a killer bee (6 damage)
             ... on level 5 of the Dungeon.
             The game lasted 00:20:56 (6376 turns).

Yuikono the Sneak (Felid Summoner)                  Turns: 6376, Time: 00:20:57

Health: 0/24       AC:  2    Str:  4    XL:     6   Next: 24%
Magic:  0/13       EV: 18    Int: 18    God:    Ashenzari [*.....]
Gold:   203        SH:  0    Dex: 17    Spells: 7/13 levels left
                                        Lives:  0   Deaths: 1

rFire    . . .     SeeInvis +   (weapon unavailable)
rCold    . . .     Gourm    .   (shield unavailable)
rNeg     . . .     Faith    .   (armour unavailable)
rPois    .         Spirit   +   (helmet unavailable)
rElec    .         Reflect  .   (cloak unavailable)
rCorr    .         Harm     .   (gloves unavailable)
MR       .....                  (boots unavailable)
Stlth    ++++......             i - amulet of guardian spirit (curse)
HPRegen  0.08/turn              (no ring)
MPRegen  0.13/turn              (no ring)

@: lethally poisoned (0 -> -9), hasted, very quick
A: very small, no armour, no weapons or thrown items, stealth, claws 1, fangs 3,
see invisible, carnivore, speed 1, shaggy fur 2, slow metabolism 1, sharp paws
a: Curse Item, Scrying, Renounce Religion


You were on level 5 of the Dungeon.
You worshipped Ashenzari.
Ashenzari was aware of your devotion.
You were not hungry.

You visited 2 branches of the dungeon, and saw 6 of its levels.

You collected 203 gold pieces.

Inventory:

Jewellery
 i - a cursed amulet of guardian spirit (around neck)
 o - an uncursed amulet of harm
 v - an uncursed ring of ice
Wands
 t - a wand of iceblast (7)
Scrolls
 a - 4 scrolls of identify
 c - 2 scrolls of teleportation
 d - a scroll of magic mapping {unknown}
 j - a scroll of fog {unknown}
 k - a scroll of enchant weapon {unknown}
 l - a scroll of amnesia {unknown}
 q - a scroll of random uselessness {unknown}
 r - a scroll of noise {unknown}
Potions
 e - a potion of haste
 f - a potion of ambrosia {unknown}
 g - 2 potions of mutation {unknown}
 h - a potion of agility
 m - 2 potions of resistance {unknown}
 n - 2 potions of lignification {unknown}
 p - a potion of curing {unknown}
 s - a potion of flight {unknown}
 u - a potion of berserk rage {unknown}
Comestibles
 b - 13 rations


   Skills:
 - Level 2.6 Dodging
 + Level 6.1 Stealth
 + Level 4.0 Spellcasting
 + Level 5.6 Summonings


You had 7 spell levels left.
You knew the following spells:

 Your Spells              Type           Power        Failure   Level  Hunger
a - Summon Small Mammal   Summ           ###.         1%          1    None
b - Call Imp              Summ           ###.....     2%          2    ##.....
c - Call Canine Familiar  Summ           ###.....     4%          3    ###....

Your spell library contained the following spells:

 Spells                   Type           Power        Failure   Level  Hunger
 Summon Guardian Golem    Hex/Summ       ##......     14%         3    ###....
 Summon Ice Beast         Ice/Summ       ##......     43%         4    ####...
 Summon Lightning Spire   Summ/Air       ##......     43%         4    ####...


Dungeon Overview and Level Annotations

Branches:
Dungeon (5/15)             Temple (1/1) D:5

Altars:
Ashenzari
Cheibriados
Dithmenos
Elyvilon
Fedhas
Gozag
Hepliaklqana
Kikubaaqudgha
Makhleb
Nemelex Xobeh
Okawaru
Qazlal
Ru
Sif Muna
Trog
Uskayaw
Wu Jian
Xom
Yredelemnul
Zin
The Shining One

Annotations:
D:5 1 runed door, exclusions: centaur and orc


Innate Abilities, Weirdness & Mutations

You cannot wear armour.
You are incapable of wielding weapons or throwing items.
Your paws allow you to move quietly. (Stealth)
You have sharp claws.
You have razor-sharp teeth.
You have supernaturally acute eyesight. (SInv)
You are carnivorous and can eat meat at any time.
You cover ground quickly.
You are covered in thick fur. (AC +2)
You have a slow metabolism.
Your sharp claws are effective at attacking unaware monsters.


Message History

Your crimson imp blinks!
You scratch the worker ant but do no damage.
The worker ant bites you.
Your crimson imp blinks!
You barely miss the worker ant. The worker ant bites you.
Your crimson imp blinks!
The killer bee stings you.
You are poisoned.
The killer bee poisons you!
You closely miss the worker ant.
You feel sick. The worker ant misses you.
Your hound bites the worker ant but does no damage.
The killer bee stings you!
* * * LOW HITPOINT WARNING * * *
Unknown command.
* * * LOW HITPOINT WARNING * * *
You feel sick. The worker ant bites your hound.
Your hound bites the worker ant.
It was a potion of haste.
You feel yourself speed up. The killer bee stings you.
You die...

.....########'########...........
.....#...............#...........
....5#.............§.#.#.........
#†.5.#....#######....###........>
#....#....#s....#....# #.........
.....#....+..y..'....# ##........
.....#....#.....#a5..# ##......#
...###....#######yh..# ###.....
.....#..........@....# ###...
.....#..........5....# ##...#
.....########'######## ##...##
.......##..........## ##...##
......###...........## ##...##
......##.............####...##
.[...###.................)..###
....###...............####....###
...## #...............# ###....#


You could see a worker ant, a killer bee, a friendly hound and 2 friendly
crimson imps.

Vanquished Creatures
  An orc wizard (D:4)
  A worker ant (D:5)
  2 oozes (D:1)
  A leopard gecko (D:2)
  4 orcs
  4 bats (D:1)
  2 giant cockroaches
  4 goblins
  7 hobgoblins
  A jackal (D:3)
  2 quokkas
  2 ball pythons
  4 frilled lizards
  A jackal skeleton (D:4)
  4 kobolds
  8 rats
  A fungus (D:1)
49 creatures vanquished.

Vanquished Creatures (collateral kills)
  A phantom (D:5)
  An ogre (D:5)
  A scorpion (D:5)
  A howler monkey (D:3)
  A hound (D:5)
  An orc wizard (D:3)
  A bullfrog skeleton (D:5)
  Terence (D:2)
  2 iguanas (D:4)
  4 worker ants (D:5)
  An adder (D:4)
  An ooze (D:2)
  A leopard gecko (D:3)
  8 orcs
  A ball python (D:1)
  2 giant cockroaches (D:5)
  3 goblins
  2 jackals (D:3)
  A bat (D:1)
  2 frilled lizards
  2 butterflies (D:5)
38 creatures vanquished.

Grand Total: 87 creatures vanquished

Notes
Turn   | Place    | Note
-------+----------+-------------------------------------------
     0 | D:1      | Yuikono the Felid Summoner began the quest for the Orb.
     0 | D:1      | Reached XP level 1. HP: 7/7 MP: 4/4
   102 | D:1      | Reached skill level 3 in Stealth
   109 | D:1      | Reached XP level 2. HP: 10/11 MP: 6/6
   919 | D:1      | Reached XP level 3. HP: 14/14 MP: 7/7
   927 | D:1      | Learned a level 2 spell: Call Imp
   931 | D:1      | Learned a level 3 spell: Call Canine Familiar
  1942 | D:2      | Noticed Terence
  1959 | D:2      | Killed Terence
  1959 | D:2      | Reached skill level 4 in Stealth
  2186 | D:3      | Reached XP level 4. HP: 15/18 MP: 7/9
  3643 | D:4      | Reached XP level 5. HP: 20/21 MP: 2/10
  3656 | D:3      | HP: 1/21 [poisoned by an orc wizard]
  3656 | D:3      | Killed from afar by an orc wizard
  3657 | D:3      | Reached XP level 4. HP: -5/18 MP: 0/9
  3725 | D:3      | Reached skill level 5 in Stealth
  3751 | D:3      | Reached skill level 5 in Summonings
  3929 | D:4      | Found a shattered altar of Ashenzari.
  3938 | D:4      | Became a worshipper of Ashenzari the Shackled
  4266 | D:5      | Entered Level 5 of the Dungeon
  4272 | D:5      | Noticed a phantom
  4603 | D:5      | Found a runed door.
  4671 | D:5      | Killed a phantom
  4671 | D:5      | Reached XP level 5. HP: 21/21 MP: 4/11
  4719 | D:5      | Noticed an ogre
  4736 | D:5      | Killed an ogre
  4811 | D:5      | Found a staircase to the Ecumenical Temple.
  4821 | Temple   | Entered the Ecumenical Temple
  5199 | D:5      | Noticed a centaur
  5251 | D:5      | Found a runed door.
  5270 | D:5      | Reached * piety under Ashenzari
  5853 | D:5      | Gained mutation: You are covered in thick fur. (AC +2)
                  | [Felid growth]
  5853 | D:5      | Reached XP level 6. HP: 24/24 MP: 4/12
  6011 | D:5      | Reached skill level 6 in Stealth
  6376 | D:5      | Slain by a killer bee

Skill      XL: |  1  2  3  4  5  6 |
---------------+-------------------+-----
Stealth        | 3 4 5 6 |  6.1
Spellcasting   | 3 4 |  4.0
Summonings     | 5 |  5.6
Dodging        | |  2.6

Action                   |  1- 3 |  4- 6 || total
-------------------------+-------+-------++-------
Melee: Unarmed           |   113 |    99 ||   212
       Bite              |    14 |     3 ||    17
 Cast: Summon Small Mamm |    11 |    46 ||    57
       Call Imp          |     4 |    27 ||    31
       Call Canine Famil |       |    14 ||    14
Invok: Curse Item        |       |     1 ||     1
  Use: Potion            |       |     5 ||     5
       Scroll            |       |     3 ||     3
 Stab: Sleeping          |    21 |     5 ||    26
       Distracted        |       |     7 ||     7
  Eat: Chunk             |     3 |     8 ||    11
Armor: Skin              |     9 |     2 ||    11
Dodge: Dodged            |    62 |    87 ||   149
